 Dungeon Crawl Stone Soup version 0.28-a0-723-g095bd1b44f (webtiles) character file.

Game seed: 15385540476364574604

63 cheechan the Chopper (level 4, 0/42 HPs)
             Began as a Naga Chaos Knight on Oct 25, 2021.
             Was a Plaything of Xom.
             Slain by a gnoll (10 damage)
             ... on level 3 of the Dungeon.
             The game lasted 00:06:26 (1571 turns).

cheechan the Chopper (Naga Chaos Knight)            Turns: 1571, Time: 00:06:27

Health: 0/42       AC:  7    Str: 16    XL:     4   Next: 10%
Magic:  13/13      EV:  9    Int: 12    God:    Xom [..*...]
Gold:   47         SH:  0    Dex: 10    Spells: 3/3 levels left

rFire   . . .      SeeInvis +   a - +0 hand axe (chaos)
rCold   . . .      Faith    .   (no shield)
rNeg    . . .      Spirit   .   b - +3 leather armour
rPois   +          Reflect  .   (no helmet)
rElec   .          Harm     .   (no cloak)
rCorr   .          Rampage  .   k - +0 pair of gloves
Will    .....                   (no barding)
Stlth   +.........              (no amulet)
HPRegen 0.14/turn               i - ring of magical power
MPRegen 0.13/turn               (no ring)

@: very slow
A: AC +1, large, see invisible, deformed body, poison resistance, slowness 2,
spit poison 1, naga tail 1
a: Spit Poison, Renounce Religion


You were on level 3 of the Dungeon.
You worshipped Xom.
You were a toy of Xom.
You visited 1 branch of the dungeon, and saw 3 of its levels.

You collected 47 gold pieces.

Inventory:

Hand Weapons
 a - a +0 hand axe of chaos (weapon)
 l - a +0 hand axe of holy wrath
Missiles
 d - 69 stones
 f - 28 arrows
Armour
 b - a +3 leather armour (worn)
 k - a +0 pair of gloves (worn)
Magical Staves
 g - a staff of poison
Jewellery
 i - a ring of magical power (left hand)
Scrolls
 j - a scroll of enchant armour
Potions
 c - a potion of berserk rage
 e - 3 potions of curing
 m - a potion of magic


   Skills:
 + Level 3.5 Fighting
 + Level 3.9 Axes
 + Level 1.8 Armour
 + Level 1.2 Dodging
 + Level 1.3 Stealth


You had 3 spell levels left.
You didn't know any spells.
Your spell library contained the following spells:

 Spells                   Type           Power      Damage    Failure   Level
 Stone Arrow              Conj/Erth      0%         3d7       77%         3
 Animate Armour           Summ/Erth      0%         N/A       99%         4
 Petrify                  Tmut/Erth      0%         N/A       99%         4
 Metabolic Englaciation   Hex/Ice        0%         N/A       100%        5
 Statue Form              Tmut/Erth      0%         N/A       100%        6
 Lehudib's Crystal Spear  Conj/Erth      0%         10d2      100%        8


Dungeon Overview and Level Annotations

Branches:
Dungeon (3/15)

Altars:


Innate Abilities, Weirdness & Mutations

Your serpentine skin is tough. (AC +1)
You have supernaturally acute eyesight. (SInv)
Armour fits poorly on your strangely shaped body.
Your system is resistant to poisons. (rPois)
You cover ground very slowly.
You can spit poison.
You have a snake-like lower body.


Message History

The gnoll shouts!
There is an open door here.
Abil: Spit Poison
Press: ? - help, Q - select action, (/) - cycle Shift-Dir - straight line, f - gnoll
Aim: a gnoll, wielding a +0 flail The splash of poison hits the gnoll.
The gnoll is poisoned.
The gnoll is heavily wounded.
You hit the gnoll but do no damage.
The gnoll looks even sicker.
The gnoll is heavily wounded.
The gnoll hits you with a +0 flail!
You barely miss the gnoll.
The gnoll is heavily wounded.
Found an escape hatch in the floor.
The gnoll hits you with a +0 flail. The gnoll closely misses you.
You hit the gnoll.
The gnoll is moderately wounded.
You hit the gnoll but do no damage. You hit the gnoll.
Space warps horribly around the gnoll!
You kill the gnoll!
You have got your breath back.
Xom's power touches on a nearby monster.
The gnoll seems to grow stronger.
The gnoll hits you with a +0 club. The gnoll barely misses you.
The gnoll hits you with a +0 club.
You have reached level 4!
You feel stronger.
You barely miss the gnoll.
The gnoll is moderately wounded.
You hit the gnoll but do no damage. The gnoll hits you with a +0 flail.
The gnoll hits you with a +0 club. The gnoll hits you but does no damage.
You hit the gnoll but do no damage. You drain the gnoll.
The gnoll is heavily wounded.
You hit the gnoll.
The gnoll seems to slow down.
The gnoll hits you with a +0 flail.
* * * LOW HITPOINT WARNING * * *
There is an open door here.
The gnoll is no longer moving slowly.
You barely miss the gnoll.
The gnoll is moderately wounded.
The gnoll hits you with a +0 club!
You die...

#>....# #.....#
#.....# #.....#
#.....# #.....#
#.....#
#.....##########
#....gg@.......#
#.....########.#
#.##### #.######
#. #.#....# #
#.#.##.#
#.#.##.#
#.#.##.#
#.#.##.#
#.#<##.#


You could see 2 gnolls.

Vanquished Creatures
  A gnoll (D:3)
  2 adders (D:2)
  A worm (D:2)
  2 dart slugs
  2 bats (D:1)
  6 endoplasms
  A goblin (D:1)
  2 hobgoblins
  2 kobolds
  4 ball pythons (D:1)
  A frilled lizard (D:1)
  3 rats (D:1)
27 creatures vanquished.

Notes
Turn   | Place    | Note
-------+----------+-------------------------------------------
     0 | D:1      | cheechan the Naga Chaos Knight began the quest for the Orb.
     0 | D:1      | Reached XP level 1. HP: 21/21 MP: 1/1
   127 | D:1      | Xom revived you
   425 | D:1      | Reached XP level 2. HP: 26/28 MP: 2/2
   476 | D:1      | XOM: silly message
   803 | D:1      | XOM: cloud trail
   855 | D:1      | Found a faded altar of an unknown god.
   992 | D:1      | XOM: silly message
  1032 | D:2      | Reached skill level 1 in Stealth
  1032 | D:2      | Reached XP level 3. HP: 33/34 MP: 3/3
  1047 | D:2      | Reached skill level 1 in Dodging
  1102 | D:2      | XOM: divination: magic mapping
  1208 | D:2      | XOM: cloud trail
  1566 | D:3      | XOM: enchant monster (bad)
  1567 | D:3      | Reached XP level 4. HP: 19/42 MP: 4/4
  1571 | D:3      | Slain by a gnoll

Illustrated notes

Levels and vault maps discovered:
D:1:      dpeg_arrival_radiant, layout_basic,
          hellmonk_ecumenical_altar_slurped_away
D:2:      layout_rooms, minmay_misc_feat_alley, kennysheep_nub
D:3:      layout_basic, pdpol_temple_overflow_zin_treasury_gozag_greed

Skill      XL: |  1  2  3 |
---------------+----------+-----
Stealth        | 1 |  1.3
Dodging        | 1 |  1.2
Fighting       | |  3.5
Axes           | |  3.9
Armour         | |  1.8

Action                   |  1- 3 |  4- 6 || total
-------------------------+-------+-------++-------
Melee: Hand axe          |    85 |     3 ||    88
 Abil: Spit Poison       |     3 |       ||     3
  Use: Scroll            |     8 |       ||     8
 Stab: Confused          |     1 |       ||     1
Armor: Leather armour    |    37 |     1 ||    38
Dodge: Dodged            |    44 |       ||    44

Table legend: (Time is in decaauts)
 A = Elapsed time spent in this place.
 B = Non-inter-level travel time spent in this place.
 C = Inter-level travel time spent in this place.
 D = Time resting spent in this place.
 E = Time spent auto-exploring this place.
 F = Levels seen in this place.
 G = Mean time per level.
                   A        B        C        D        E       F      G
               +--------+--------+--------+--------+--------+-----+--------+
         Total |   2053 |   2053 |      0 |    239 |      0 |   3 |  684.3 |
       Dungeon |   2053 |   2053 |      0 |    239 |      0 |   3 |  684.3 |
               +--------+--------+--------+--------+--------+-----+--------+

Top non-repeatable levels by time:
     D:1: 1334 daAuts
     D:2: 652 daAuts
     D:3: 65 daAuts
